 Seeded DCSS version 0.27-a0-1200-g94dc6ad4cf (webtiles) character file.

Game seed: 1482225061180600175 (custom seed)

24 flotson the Covert (level 3, -5/35 HPs)
             Began as a Gnoll Delver on May 31, 2021.
             Slain by a phantom (8 damage)
             ... on level 4 of the Dungeon.
             The game lasted 00:02:16 (902 turns).

flotson the Covert (Gnoll Delver)                    Turns: 902, Time: 00:02:17

Health: -5/35      AC:  8    Str: 12    XL:     3   Next: 2%
Magic:  3/3        EV:  6    Int:  9    God:
Gold:   0          SH:  0    Dex: 13    Spells: 3/3 levels left

rFire    . . .     SeeInvis .   i - +0 quarterstaff
rCold    . . .     Faith    .   (shield currently unavailable)
rNeg     . . .     Spirit   .   e - +0 chain mail
rPois    .         Reflect  .   (no helmet)
rElec    .         Harm     .   (no cloak)
rCorr    .         Rampage  .   (no gloves)
Will     .....                  (no boots)
Stlth    +.........             (no amulet)
HPRegen  0.11/turn              (no ring)
MPRegen  0.08/turn              (no ring)

@: on berserk cooldown, slowed, very slow
A: fangs 1, strong nose, distributed training
a: no special abilities


You were on level 4 of the Dungeon.
You visited 1 branch of the dungeon, and saw 3 of its levels.

Inventory:

Hand Weapons
 a - a +0 spear
 i - a +0 quarterstaff (weapon)
Missiles
 f - 9 stones (quivered)
Armour
 b - a +0 leather armour
 e - a +0 chain mail (worn)
Wands
 g - a wand of digging (2)
Scrolls
 c - a scroll of fog


   Skills:
 + Level 6.5 Fighting
 + Level 0.5 Short Blades
 + Level 0.5 Long Blades
 + Level 0.5 Axes
 + Level 0.5 Maces & Flails
 + Level 4.5 Polearms
 + Level 0.5 Staves
 + Level 0.5 Slings
 + Level 0.5 Bows
 + Level 0.5 Crossbows
 + Level 0.5 Throwing
 + Level 0.5 Armour
 + Level 4.5 Dodging
 + Level 9.5 Stealth
 + Level 0.5 Shields
 + Level 0.5 Unarmed Combat
 + Level 0.5 Spellcasting
 + Level 0.4 Conjurations
 + Level 0.4 Hexes
 + Level 0.4 Summonings
 + Level 0.4 Necromancy
 + Level 0.4 Translocations
 + Level 0.4 Transmutations
 + Level 0.4 Fire Magic
 + Level 0.4 Ice Magic
 + Level 0.4 Air Magic
 + Level 0.4 Earth Magic
 + Level 0.4 Poison Magic
 + Level 0.7 Invocations
 + Level 0.5 Evocations


You had 3 spell levels left.
You didn't know any spells.
Your spell library was empty.

Dungeon Overview and Level Annotations

Branches:
Dungeon (5/15)
 Temple: D:4-7

Altars:


Innate Abilities, Weirdness & Mutations

You have very sharp teeth.
Your uncanny sense of smell can sniff out nearby items.
Your experience applies equally to all skills.


Message History

You kill the giant cockroach!
You have reached level 3!
Your experience leads to an increase in your attributes!
Increase (S)trength, (I)ntelligence, or (D)exterity?
You feel stronger.
You enter the shallow water.
Moving in this stuff is going to be slow.
A quokka comes into view.
You see here a stone.
f - 9 stones (gained 1)
You barely miss the quokka.
The quokka bites you but does no damage.
The quokka barely misses you.
You hit the quokka.
The quokka is lightly wounded.
The quokka barely misses you.
The quokka splashes around in the water.
You completely miss the quokka.
The quokka is lightly wounded.
The quokka bites you but does no damage.
You hit the phantom.
The phantom is moderately damaged.
The phantom hits you.
* * * LOW HITPOINT WARNING * * *
The phantom blinks!
You blink.
Splash!
You fall into the shallow water.
Moving in this stuff is going to be slow.
The phantom hits you.
* * * LOW HITPOINT WARNING * * *
The phantom blinks!
You blink.
Splash!
You hit the phantom.
The phantom is moderately damaged.
The phantom hits you but does no damage. x2
Unknown command.
You thump the phantom!
The phantom is heavily damaged.
The phantom closely misses you. The phantom hits you!
You die...

,,..#####.#######,,,,*
***,***
,∆...............,,,,*
*,* *
,*>######.#######*,,,*
*,* ,,,,,..#..# **,**
*,* ,*,**#.#.##
*,*********,* ,,,*
#.#># *,*,,,,,,,,,*
.,** #.#.#
*,*∆*,*******
...###.#.# ###*,*,*,#
.........#
##@#####*≈##
...###.######
#≈≈W≈≈≈#≈≈≈* ,,**
#......# #≈≈≈#≈≈#≈≈≈*
*** ,** ######.#
##≈##≈≈(#≈** **,* **
#.# #≈#≈≈≈≈#≈* *,,, *
#.# #r#≈.≈≈#≈* **,, *
#.# ##≈#.(≈#*≈**
****,* * #.#
#≈≈(####≈≈≈* *,,,,* *
#.# #†≈≈≈r≈≈≈≈≈*
*,**,,


You could see a phantom and a quokka.

Vanquished Creatures
  A river rat (D:4)
  4 orcs
  A giant cockroach (D:4)
  2 jackals (D:3)
  A quokka (D:4)
  A ball python (D:3)
  A rat (D:3)
11 creatures vanquished.

Notes
Turn   | Place    | Note
-------+----------+-------------------------------------------
     0 | D:5      | Reached skill level 9 in Stealth
     0 | D:5      | flotson the Gnoll Delver began the quest for the Orb.
     0 | D:5      | Reached XP level 1. HP: 23/23 MP: 1/1
    21 | D:5      | Noticed an ogre
    25 | D:5      | Noticed a phantom
    46 | D:5      | Noticed a phantom
    48 | D:5      | HP: 1/23 [phantom (7)]
    49 | D:4      | Noticed a phantom
   787 | D:4      | Reached XP level 2. HP: 25/29 MP: 2/2
   893 | D:4      | Reached XP level 3. HP: 7/35 MP: 3/3
   902 | D:4      | Slain by a phantom

Illustrated notes

Levels and vault maps discovered:
D:3:      layout_basic, jmf_multi_god_temple2
D:4:      layout_loops_ring, serial_shops, shop, gup_sewer_entry_bubbles,
          palyth_stone_intersect, uniq_duvessa
D:5:      layout_loops_ring, lemuel_zombie_altar_yredelemnul, uniq_sigmund

Skill      XL: | |
---------------+-+-----
Stealth        | |  9.5
Fighting       | |  6.5
Short Blades   | |  0.5
Long Blades    | |  0.5
Axes           | |  0.5
Maces & Flails | |  0.5
Polearms       | |  4.5
Staves         | |  0.5
Slings         | |  0.5
Bows           | |  0.5
Crossbows      | |  0.5
Throwing       | |  0.5
Armour         | |  0.5
Dodging        | |  4.5
Shields        | |  0.5
Unarmed Combat | |  0.5
Spellcasting   | |  0.5
Conjurations   | |  0.4
Hexes          | |  0.4
Summonings     | |  0.4
Necromancy     | |  0.4
Translocations | |  0.4
Transmutations | |  0.4
Fire Magic     | |  0.4
Ice Magic      | |  0.4
Air Magic      | |  0.4
Earth Magic    | |  0.4
Poison Magic   | |  0.4
Invocations    | |  0.7
Evocations     | |  0.5

Action                   || total
-------------------------++-------
Melee: Spear             ||    74
       Bite              ||     6
       Quarterstaff      ||    22
Throw: Stone             ||     4
Evoke: Wand              ||     1
  Use: Scroll            ||     2
       Potion            ||     2
 Stab: Sleeping          ||     2
Armor: Leather armour    ||    11
       Chain mail        ||    13
Dodge: Dodged            ||    43

Table legend: (Time is in decaauts)
 A = Elapsed time spent in this place.
 B = Non-inter-level travel time spent in this place.
 C = Inter-level travel time spent in this place.
 D = Time resting spent in this place.
 E = Time spent auto-exploring this place.
 F = Levels seen in this place.
 G = Mean time per level.
                   A        B        C        D        E       F      G
               +--------+--------+--------+--------+--------+-----+--------+
         Total |    888 |    869 |     19 |      0 |    616 |   3 |  296.0 |
       Dungeon |    888 |    869 |     19 |      0 |    616 |   3 |  296.0 |
               +--------+--------+--------+--------+--------+-----+--------+

Top non-repeatable levels by time:
     D:3: 699 daAuts
     D:4: 147 daAuts
     D:5: 41 daAuts
